 Dungeon Crawl Stone Soup version 0.27.1-1-g398f81649c (webtiles) character file.

Game seed: 2515967850743490288

2053 Squid the Cleaver (level 9, 0/75 HPs)
             Began as a Black Draconian Berserker on Sept 14, 2021.
             Was a Priest of Trog.
             Slain by Maggie (6 damage)
             ... on level 7 of the Dungeon.
             The game lasted 00:36:43 (8540 turns).

Squid the Cleaver (Black Draconian Berserker)       Turns: 8540, Time: 00:36:43

Health: 0/75       AC: 10    Str: 22    XL:     9   Next: 4%
Magic:  9/9        EV: 14    Int:  7    God:    Trog [***...]
Gold:   438        SH:  0    Dex: 12    Spells: 8/8 levels left

rFire    . . .     SeeInvis .   t - +1 scythe (protect)
rCold    . . .     Faith    .   (shield currently unavailable)
rNeg     . . .     Spirit   .   (armour unavailable)
rPois    .         Reflect  .   (helmet restricted)
rElec    +         Harm     .   (no cloak)
rCorr    .         Rampage  .   (no gloves)
Will     ++...                  i - +2 pair of boots
Stlth    ++........             j - amulet of the acrobat
HPRegen  1.22/turn              (no ring)
MPRegen  0.11/turn              (no ring)

@: lethally poisoned (0 -> 0), strong-willed, on berserk cooldown, regenerating,
slowed, very slow
A: breathe lightning, AC +7, unfitting armour, electricity resistance,
cold-blooded
a: Breathe Lightning, Renounce Religion, Berserk, Trog's Hand


You were on level 7 of the Dungeon.
You worshipped Trog.
Trog was most pleased with you.
You visited 2 branches of the dungeon, and saw 8 of its levels.
You also visited: Sewer.

You collected 438 gold pieces.

Inventory:

Hand Weapons
 l - a +0 giant club
 m - a +2 hand axe of electrocution
 t - a +1 scythe of protection (weapon)
Missiles
 f - 8 boomerangs (quivered)
Armour
 i - a +2 pair of boots (worn)
Jewellery
 j - an amulet of the acrobat (around neck)
Wands
 q - a wand of digging (5)
Scrolls
 h - a scroll of holy word
 n - 4 scrolls of teleportation
 o - a scroll of fog
 s - a scroll of magic mapping
Potions
 a - a potion of might {unknown}
 b - a potion of brilliance {unknown}
 c - 2 potions of attraction
 d - 2 potions of mutation {unknown}
 e - 2 potions of haste
 g - a potion of invisibility {unknown}
 k - a potion of lignification {unknown}
 p - a potion of heal wounds {unknown}
 r - 7 potions of curing


   Skills:
 + Level 6.0 Fighting
 + Level 3.0 Short Blades
 + Level 8.0(8.1) Axes
 + Level 0.9(5.1) Polearms
 + Level 6.3 Dodging
 + Level 3.2 Stealth


You had 8 spell levels left.
You didn't know any spells.
Your spell library contained the following spells:

 Spells                   Type           Power      Damage    Failure   Level
 Corpse Rot               Necr/Air       N/A        N/A       56%         2
 Poisonous Vapours        Pois/Air       0%         N/A       56%         2
 Freezing Cloud           Conj/Ice/Air   0%         6-21      100%        5


Dungeon Overview and Level Annotations

Branches:
Dungeon (7/15)             Temple (1/1) D:5           Sewer (visited)

Altars:
Ashenzari
Cheibriados
Dithmenos
Elyvilon
Fedhas
Hepliaklqana
Kikubaaqudgha
Makhleb
Nemelex Xobeh
Okawaru
Qazlal
Ru
Sif Muna
Trog
Uskayaw
Vehumet
Wu Jian
Xom
Yredelemnul
Zin

Shops:
D:6 *   D:7 *

Annotations:
D:7 Maggie


Innate Abilities, Weirdness & Mutations

You can breathe wild blasts of lightning.
Your glossy black scales are hard. (AC +7)
You cannot fit into any form of body armour.
You are resistant to electric shocks. (rElec)
You are cold-blooded and may be slowed by cold attacks.


Message History

The water moccasin bites you but does no damage.
Your skin crawls.
You feel strong-willed.
You can no longer call in reinforcements.
You feel sick.
The water moccasin bites you but does no damage.
Maggie hits you with a +3 halberd of flaming!
Maggie burns you. The water moccasin misses you.
You closely miss the water moccasin.
Your tail-slap misses the water moccasin.
The water moccasin is moderately wounded.
You feel sick.
You are no longer poisoned.
The water moccasin bites you but does no damage.
Maggie barely misses you. The water moccasin bites you.
You are poisoned.
The water moccasin poisons you!
Maggie hits you with a +3 halberd of flaming.
Maggie burns you.
The water moccasin completely misses you.
Maggie gestures at you while chanting. The bolt of fire misses you.
The water moccasin bites you but does no damage.
You have got your breath back.
You feel very sick. Maggie misses you.
The water moccasin completely misses you.
Maggie closely misses you.
You see here a water moccasin corpse.
You closely miss Maggie.
You break out of your daze.
You feel very sick. The water moccasin barely misses you.
The water moccasin bites you but does no damage.
Maggie gestures at you while chanting. The bolt of fire hits you!
* * * LOW HITPOINT WARNING * * *
The water moccasin bites you but does no damage.
Maggie hits you with a +3 halberd of flaming.
You die...

.....# #.#
..##.# #####.#
#.##.# #.....#
#.##.# #######
#....# ###
###### +.##
##### #..#
....# #..#
##### #@@#
######S##
##8##...#
+...'..#######
#8.8#.#.#....#
#8.8########.#
#8.8# #.#
##'## #.# #..#
#####.####


You could see Maggie and a water moccasin.

Vanquished Creatures
  Sigmund (D:6)
  Eustachio (D:6)
  3 water moccasins
  An orc warrior (D:6)
  A black bear (D:4)
  An ogre (D:5)
  3 phantoms
  2 scorpions
  A wyvern zombie (D:6)
  A wyvern skeleton (D:6)
  2 electric eels (D:5)
  2 centaur zombies (D:5)
  An orc priest (D:6)
  2 bullfrog skeletons (D:5)
  5 orc wizards
  An iguana (D:5)
  A hound zombie (D:5)
  Robin (D:4)
  A howler monkey skeleton (D:6)
  8 adders
  3 gnolls (D:5)
  2 adder skeletons (D:4)
  3 worms
  3 dart slugs
  10 orcs
  11 ball pythons
  7 endoplasms
  4 giant cockroaches
  16 hobgoblins
  12 jackals
  7 kobolds
  8 quokkas
  11 bats
  5 frilled lizards
  18 goblins
  6 rats
165 creatures vanquished.

Vanquished Creatures (collateral kills)
  An orc warrior (D:6)
1 creature vanquished.

Vanquished Creatures (others)
  A goblin (D:3)
  A plant (D:5)
2 creatures vanquished.

Grand Total: 168 creatures vanquished

Notes
Turn   | Place    | Note
-------+----------+-------------------------------------------
     0 | D:1      | Squid the Draconian Berserker began the quest for the Orb.
     0 | D:1      | Reached XP level 1. HP: 19/19 MP: 1/1
   229 | D:1      | Reached XP level 2. HP: 23/26 MP: 2/2
   610 | D:1      | Reached ** piety under Trog
   687 | D:1      | Reached XP level 3. HP: 30/31 MP: 3/3
   718 | D:1      | Found a faded altar of an unknown god.
  2057 | D:3      | Reached XP level 4. HP: 36/40 MP: 4/4
  2162 | D:3      | Reached skill level 1 in Short Blades
  2546 | D:3      | Reached *** piety under Trog
  2708 | D:3      | Reached skill level 4 in Axes
  3139 | D:4      | Noticed a phantom
  3139 | D:4      | Noticed a scorpion
  3147 | D:4      | Killed a scorpion
  3148 | D:4      | Reached XP level 5. HP: 43/46 MP: 5/5
  3152 | D:4      | Killed a phantom
  3333 | D:4      | Noticed a black bear
  3334 | D:4      | Found a glowing drain.
  3345 | D:4      | Killed a black bear
  3346 | D:4      | Reached skill level 1 in Stealth
  3346 | D:4      | Reached XP level 6. HP: 52/52 MP: 6/6
  3361 | Sewer    | Entered a sewer
  4598 | D:4      | Reached **** piety under Trog
  4845 | D:4      | Noticed Robin
  4854 | D:4      | Your scales start taking on a glossy black colour.
  4854 | D:4      | Reached XP level 7. HP: 60/60 MP: 7/7
  4854 | D:4      | Gained mutation: You are resistant to electric shocks.
                  | (rElec) [Black Draconian growth]
  4865 | D:4      | Killed Robin
  5657 | D:5      | Entered Level 5 of the Dungeon
  5659 | D:5      | Found a transporter.
  5708 | D:5      | Found a transporter.
  5736 | D:5      | Reached skill level 5 in Axes
  6076 | D:5      | Reached skill level 5 in Dodging
  6152 | D:5      | Found a staircase to the Ecumenical Temple.
  6163 | Temple   | Entered the Ecumenical Temple
  6466 | D:5      | Found a basalt altar of Yredelemnul.
  6553 | D:5      | Reached skill level 6 in Axes
  6679 | D:5      | Reached skill level 5 in Fighting
  6726 | D:5      | Reached XP level 8. HP: 68/68 MP: 8/8
  6796 | D:6      | Noticed Eustachio
  6801 | D:6      | Killed Eustachio
  6947 | D:6      | Found Upriytio's General Store.
  6975 | D:6      | Reached skill level 7 in Axes
  7568 | D:6      | Noticed Sigmund
  7585 | D:6      | Killed Sigmund
  7980 | D:7      | Found Beercho's Gadget Gallery.
  8172 | D:7      | Found a broken altar of Ashenzari.
  8421 | D:7      | Found a snail-covered altar of Cheibriados.
  8424 | D:7      | Found a white marble altar of Elyvilon.
  8510 | D:7      | Reached skill level 8 in Axes
  8523 | D:7      | Noticed Maggie
  8536 | D:7      | Reached XP level 9. HP: 49/75 MP: 9/9
  8540 | D:7      | Slain by Maggie

Illustrated notes

Levels and vault maps discovered:
D:1:      sevenhm_arrival_forest_fort_large_1, layout_basic,
          hellmonk_ecumenical_altar_inner_sanctum, hangedman_decor_points
D:2:      layout_rooms
D:3:      layout_basic, hangedman_abyss_or_decor_lesser_grid
D:4:      layout_loops_corners, cheibrodos_sewer_entry_drain, uniq_robin
D:5:      gammafunk_steamed_eel, layout_basic, amcnicky_altar_gilded,
          minmay_temple_entry_antechambers, minmay_misc_feat_columns
D:6:      layout_basic, serial_shops, kennysheep_little_box, uniq_sigmund,
          uniq_eustachio
D:7:      minmay_chambers_of_sevens, layout_loops_corners,
          nicolae_ashenzari_skybound,
          chequers_temple_overflow_statue_of_worship, nicolae_shop_gadgets,
          uniq_maggie
Temple:   nicolae_temple_elliptical

Skill      XL: |  1  2  3  4  5  6  7  8 |
---------------+-------------------------+-----
Dodging        | 3 4 5 6 |  6.3
Short Blades   | 2 3 |  3.0
Axes           | 4 6 8 |  8.0
Fighting       | 4 5 6 |  6.0
Stealth        | 1 2 3 |  3.2
Polearms       | |  0.9

Action                   |  1- 3 |  4- 6 |  7- 9 || total
-------------------------+-------+-------+-------++-------
Melee: Hand axe          |   100 |   133 |   136 ||   369
       Tailslap          |    15 |     8 |    22 ||    45
       Short sword       |    50 |    14 |       ||    64
       Scythe            |       |       |    30 ||    30
Invok: Berserk           |     8 |     4 |     3 ||    15
       Trog's Hand       |       |     1 |     1 ||     2
       Brothers in Arms  |       |       |     2 ||     2
 Abil: Breathe Lightning |       |       |     7 ||     7
  Use: Scroll            |     4 |     7 |     6 ||    17
       Potion            |       |     5 |       ||     5
 Stab: Sleeping          |       |     2 |     1 ||     3
Armor: Skin              |    74 |    72 |    71 ||   217
Dodge: Dodged            |   114 |   221 |   187 ||   522
